 Dungeon Crawl Stone Soup version 0.22-a0-40-g3d2f077 (webtiles) character file.

63 Gorglomux the Covered (level 3, -1/34 HPs)
             Began as a Deep Dwarf Fighter on Jan 4, 2018.
             Was an Initiate of Makhleb.
             Slain by Sigmund
             ... wielding a +0 scythe
              (6 damage)
             ... on level 2 of the Dungeon.
             The game lasted 00:00:40 (978 turns).

Gorglomux the Covered (Deep Dwarf Fighter)           Turns: 978, Time: 00:00:41

Health: -1/34      AC:  7    Str: 20    XL:     3   Next: 89%
Magic:  3/3        EV:  8    Int:  8    God:    Makhleb [......]
Gold:   58         SH:  9    Dex: 12    Spells: 2/2 levels left

rFire    . . .     SeeInvis .   a - +0 war axe
rCold    . . .     Gourm    .   c - +0 shield
rNeg     . . .     Faith    .   b - +0 scale mail
rPois    .         Spirit   .   (no helmet)
rElec    .         Reflect  .   (no cloak)
rCorr    .         Harm     .   (no gloves)
MR       .....                  (no boots)
Stlth    ..........             (no amulet)
HPRegen  0.00/turn              (no ring)
MPRegen  0.08/turn              (no ring)

@: non-regenerating
A: damage resistance, heal wounds, sense surroundings 1, no regeneration
a: Heal Wounds, Renounce Religion


You were on level 2 of the Dungeon.
You worshipped Makhleb.
Makhleb was noncommittal.
You were hungry.

You visited 1 branch of the dungeon, and saw 2 of its levels.

You collected 58 gold pieces.

Inventory:

Hand Weapons
 a - a +0 war axe (weapon)
Armour
 b - a +0 scale mail (worn)
 c - a +0 shield (worn)
Scrolls
 g - a scroll of fear {unknown}
 i - 2 scrolls of identify {unknown}
 k - a scroll of amnesia {unknown}
 m - 2 scrolls of remove curse {unknown}
 n - 3 scrolls of magic mapping {unknown}
Potions
 d - 2 potions of might
 j - a potion of ambrosia {unknown}
 l - 2 potions of heal wounds {unknown}
 o - a potion of mutation {unknown}
 p - a potion of haste
Comestibles
 f - 4 rations
 q - 2 chunks of flesh


   Skills:
 + Level 3.1 Fighting
 + Level 2.8 Axes
 + Level 3.8 Armour
 + Level 1.4 Dodging
 + Level 3.7 Shields


You had 2 spell levels left.
You didn't know any spells.

Dungeon Overview and Level Annotations

Branches:
Dungeon (2/15)

Altars:
Makhleb
Vehumet

Annotations:
D:2 Sigmund


Innate Abilities, Weirdness & Mutations

You are resistant to damage.
You can heal yourself by infusing magical energy.
You passively map a small area around you.
You do not regenerate.


Message History

* * * don't die
* * * You miss something!
You closely miss the butt! You block the butt's attack!
The goblin hits you but does no damage! Something hits you but does no damage!
You completely miss something! You slice the goblin but do no damage!
The goblin hits you with a club! The goblin hits you but does no damage!
Something hits you! * * * don't die
* * * Unknown command!
You fail to use your ability!
The goblin closely misses you! Something hits you but does no damage!
The goblin hits butt but does no damage!
You miss something!
You butt the goblin into ribbons!!!
You annihilate the goblin!!!
Makhleb roars: ANNIHILATED!
You miss something! Butt hits you but does no damage!
You fail to use your ability!
You hear some strange, mumbled words!
Something tries to affect you, but you resist!
You miss something! Something hits you!!! butt

, * *,, *
*.#....# ,
,. .....# *
* .##.,....#
# * ,
....##.#.#.#
, *
.........#.
* ..........
,,
*........)#
,* *
#.....@# **
, #....{.# ,
#......# ,
#####..#*,#
#.?##.###*
##.......##*
#...##.....,
, #...#
*#.##
#...####.# ,
*


There were no monsters in sight!

Vanquished Creatures
  2 adders (D:2)
  An ooze (D:2)
  2 worms (D:2)
  3 leopard geckos (D:1)
  A giant cockroach (D:1)
  6 hobgoblins
  5 kobolds
  4 bats (D:1)
  A frilled lizard (D:2)
  4 goblins
  4 rats (D:1)
33 creatures vanquished.

Notes
Turn   | Place    | Note
-------+----------+-------------------------------------------
     0 | D:1      | Gorglomux the Deep Dwarf Fighter began the quest for the Orb.
     0 | D:1      | Reached XP level 1. HP: 20/20 MP: 1/1
   172 | D:1      | Reached XP level 2. HP: 27/27 MP: 2/2
   378 | D:1      | Reached skill level 1 in Dodging
   607 | D:2      | Found a radiant altar of Vehumet.
   609 | D:2      | Found a burning altar of Makhleb.
   637 | D:2      | Became a worshipper of Makhleb the Destroyer
   730 | D:2      | Reached skill level 3 in Fighting
   730 | D:2      | Reached XP level 3. HP: 26/34 MP: 3/3
   956 | D:2      | Noticed Sigmund
   978 | D:2      | Slain by Sigmund

Vault maps used:
D:1:      evilmike_arrival_fibonacci_small, serial_bayou, serial_bayou_pond_b,
          serial_bayou_pond_e, serial_bayou_crossing, serial_bayou_lake_a
D:2:      kb_forest_paths, chequers_temple_overflow_statue_of_worship,
          bloody_trog, first_ration, uniq_natasha, uniq_sigmund

Skill      XL: |  1  2 |
---------------+-------+-----
Dodging        | 1 |  1.4
Fighting       | 3 |  3.1
Axes           | |  2.8
Armour         | |  3.8
Shields        | |  3.7

Action                   || total
-------------------------++-------
Melee: War axe           ||   111
 Abil: Heal Wounds       ||     1
Armor: Scale mail        ||    40
Dodge: Dodged            ||    38
Block: Shield            ||    46

Table legend:
 A = Spawn XP
 B = Non-spawn XP
 C = Spawn XP percentage of total XP
 D = Spawn monster count
 E = Non-spawn monster count
 F = Spawn count percentage of total count
 G = Total turns spent on level
                    A         B        C        D         E        F      G
               +---------+---------+-------+---------+---------+-------+---------
         Total |       0 |      91 |   0.0 |       0 |      33 |   0.0 |   978
               +---------+---------+-------+---------+---------+-------+---------
           D:1 |       0 |      36 |   0.0 |       0 |      22 |   0.0 |   558
           D:2 |       0 |      55 |   0.0 |       0 |      11 |   0.0 |   420
               +---------+---------+-------+---------+---------+-------+---------
